[Event "Titled Tuesday Blitz May 10 Early 2022"]
[White "Sahil, Tickoo"]
[Black "Yuan, Qingyu"]
[WhiteFideId "5019710"]
[BlackFideId "8609772"]
[WhiteElo "2099"]
[BlackElo "2359"]
[Result "1/2-1/2"]
[Round "03"]
[TimeControl "180+1"]
[Date "2022.05.10"]
[WhiteClock "0:00:11"]
[BlackClock "0:00:09"]

1. d4 d5 2. c4 e6 3. Nc3 Nf6 4. cxd5 exd5 5. Bg5 c6 6. e3 h6 7. Bh4 Be7 8. Bd3 O-O 9. Qc2 Re8 10. Nge2 Nbd7 11. O-O a5 12. a3 b5 13. Rad1 Nb6 14. Rfe1 Nc4 15. a4 b4 16. Nb1 Nd6 17. Nd2 Ba6 18. Bxa6 Rxa6 19. Nb3 Nc4 20. Nd2 Nd6 21. Nb3 Nc4 22. Nd2 Nxd2 23. Rxd2 Ne4 24. Bxe7 Qxe7 25. Rd3 Rc8 26. Ng3 Nd6 27. b3 Qe6 28. Qe2 Ra7 29. h3 Rac7 30. Qg4 g6 31. Qxe6 fxe6 32. e4 Kg7 33. h4 c5 34. dxc5 Rxc5 35. exd5 exd5 36. Re5 Nf7 37. Rexd5 Rxd5 38. Rxd5 Rc3 39. Rxa5 Rxb3 40. Rb5 Rb1+ 41. Kh2 Nd6 42. Rb6 Nc4 43. Rb7+ Kf6 44. Ne4+ Ke5 45. Ng3 b3 46. Rb4 Kd5 47. Rb5+ Kd4 48. a5 b2 49. Ne2+ Kd3 50. Nf4+ Kc2 51. Rc5 Kb3 52. Nd3 Ra1 53. Nxb2 Nxb2 54. Rc6 Rxa5 55. Rxg6 h5 56. g4 hxg4 57. Rxg4 Nd3 58. Kg3 Kc3 59. f3 Kd2 60. Rg6 Rd5 61. Re6 Kc3 62. f4 Rd4 63. f5 Nf4 64. Re5 Nd5 65. Re6 Kc4 66. f6 Rf4 67. Rd6 Rf5 68. f7 Rxf7 69. Rg6 Nf4 70. Rg4 Kd5 71. Rxf4 Rg7+ 72. Rg4 Rf7 73. Kh3 Ke6 74. h5 Kf5 75. Kh4 Rh7 76. Rg5+ Kf6 77. Rg4 Kf5 78. Rg5+ Kf6 79. Rg6+ Kf5 80. Rg2 Rh8 81. Rf2+ Ke6 82. Kg5 Rg8+ 83. Kh4 Ke5 84. h6 Rg1 85. Kh5 Rg8 86. h7 Rg1 87. Kh6 Rh1+ 88. Kg7 Rg1+ 89. Kh8 Ke6 90. Rf8 Ke7 91. Rg8 Rh1 92. Kg7 Rg1+ 93. Kh8 Rh1 94. Rg3 Kf7 95. Rf3+ Ke7 96. Re3+ Kf7 97. Rf3+ Ke7 98. Rf2 Rg1 99. Rf3 Rg2 100. Rd3 Rg1 101. Re3+ Kf7 102. Rf3+ Ke7 103. Re3+ Kf7 104. Rf3+ Ke7 105. Re3+ 1/2-1/2


[Site "https://www.chess.com"]

[Event "Titled Tuesday Blitz May 10 Early 2022"]
[White "Sailer, Mike"]
[Black "Samunenkov, Ihor"]
[WhiteFideId "2012901"]
[BlackFideId "14187086"]
[WhiteElo "2109"]
[BlackElo "2409"]
[Result "0-1"]
[Round "03"]
[TimeControl "180+1"]
[Date "2022.05.11"]
[WhiteClock "0:00:02"]
[BlackClock "0:00:07"]

1. Nf3 d5 2. d4 Nf6 3. Bf4 e6 4. e3 Bd6 5. Bg3 O-O 6. Bd3 c5 7. c3 Qc7 8. Nbd2 Nbd7 9. a3 b6 10. b4 e5 11. Nxe5 Nxe5 12. dxe5 Bxe5 13. Qc2 Bb7 14. bxc5 bxc5 15. Rb1 Rfe8 16. O-O Bxg3 17. hxg3 g6 18. c4 Rad8 19. cxd5 Bxd5 20. Bc4 Qe5 21. Bxd5 Qxd5 22. Nf3 Ne4 23. Rfd1 Qf5 24. Rxd8 Rxd8 25. Rd1 Rxd1+ 26. Qxd1 Qf6 27. Qb1 Qe7 28. Qb8+ Kg7 29. Qe5+ Qxe5 30. Nxe5 Kf6 31. Nc4 Ke6 32. Kf1 Kd5 33. Nb2 c4 34. Ke2 c3 35. Nd3 Kc4 36. Nc1 c2 37. f3 Nxg3+ 38. Kd2 Nf1+ 39. Kxc2 Nxe3+ 40. Kd2 Nxg2 41. Nd3 Kd4 42. Nb4 Kc5 43. Nd3+ Kd6 44. Ke2 h5 45. Kf2 Nh4 46. Kg3 Nf5+ 47. Kf4 f6 48. Nf2 Ke6 49. Ne4 g5+ 50. Nxg5+ fxg5+ 51. Kxg5 h4 0-1


[Site "https://www.chess.com"]

[Event "Titled Tuesday Blitz May 10 Early 2022"]
[White "Saldano Dayer, Horacio"]
[Black "Sanchez, Robert"]
[WhiteFideId "103411"]
[BlackFideId "2034360"]
[WhiteElo "2419"]
[BlackElo "2142"]
[Result "1-0"]
[Round "03"]
[TimeControl "180+1"]
[Date "2022.05.11"]
[WhiteClock "0:01:03"]
[BlackClock "0:00:42"]

1. d4 d5 2. Bf4 Nf6 3. e3 c5 4. Nf3 Nc6 5. Nbd2 Bf5 6. c3 e6 7. Qa4 Nd7 8. Bb5 Qc8 9. Ne5 Ndxe5 10. Bxe5 a6 11. Bxc6+ Qxc6 12. Qxc6+ bxc6 13. dxc5 Bxc5 14. Bxg7 Rg8 15. Be5 Rxg2 16. Bg3 h5 17. Nb3 Be7 18. h4 Be4 19. Rf1 c5 20. O-O-O O-O-O 21. Nd2 f5 22. Nxe4 fxe4 23. Rh1 Kd7 24. Kd2 Rg8 25. Rh3 Bd6 26. Bxd6 Kxd6 27. Ke2 R8g4 28. Rhh1 Rg8 29. b4 cxb4 30. cxb4 Rb8 31. a3 Rc8 32. Rc1 Rxc1 33. Rxc1 Rh2 34. Rc5 Rxh4 35. Ra5 Rh1 36. Rxa6+ Ke5 37. Ra8 Ra1 38. a4 h4 39. a5 Ra4 40. b5 h3 41. a6 Ra5 42. Rh8 Rxb5 43. a7 Rb2+ 44. Kd1 1-0


[Site "https://www.chess.com"]

[Event "Titled Tuesday Blitz May 10 Early 2022"]
[White "Samant Aditya S"]
[Black "Rodchenkov, Sergey D."]
[WhiteFideId "35080580"]
[BlackFideId "4168712"]
[WhiteElo "1916"]
[BlackElo "2306"]
[Result "1-0"]
[Round "03"]
[TimeControl "180+1"]
[Date "2022.05.11"]
[WhiteClock "0:01:28"]
[BlackClock "0:01:16"]

1. e4 c5 2. Nf3 d6 3. d4 cxd4 4. Nxd4 Nf6 5. Nc3 a6 6. Be3 e5 7. Nf3 Be7 8. Bc4 O-O 9. O-O Be6 10. Bxe6 fxe6 11. Na4 Nc6 12. Ng5 Qa5 13. Nb6 Rab8 14. Nxe6 Nxe4 15. Nxf8 Kxf8 16. Nd7+ Ke8 17. Nxb8 Nxb8 18. Qh5+ g6 19. Qxh7 Nf6 20. Qxg6+ Kd8 21. Rad1 Nbd7 22. c4 b6 23. a3 Qa4 24. Qd3 Kc7 25. b4 Qc6 26. b5 Qa8 27. bxa6 Qxa6 28. c5 Qxd3 29. cxb6+ Nxb6 30. Bxb6+ Kxb6 31. Rxd3 d5 32. Rfd1 d4 33. f4 Ne4 34. fxe5 Nc3 35. R1d2 Ne4 36. Rb2+ Kc5 37. Rb4 Nc3 38. Kf1 Nb5 39. Rxb5+ Kxb5 40. Rxd4 Bxa3 41. Rd3 Kc6 42. Rxa3 Kd5 43. Rf3 Ke6 44. h4 Kxe5 45. h5 Ke6 46. h6 Kd5 47. h7 Kc5 48. h8=Q Kb5 49. Qh5+ 1-0


[Site "https://www.chess.com"]

[Event "Titled Tuesday Blitz May 10 Early 2022"]
[White "Santos Ruiz, Miguel"]
[Black "Derraugh, Geordie"]
[WhiteFideId "22291482"]
[BlackFideId "2603950"]
[WhiteElo "2486"]
[BlackElo "2116"]
[Result "1-0"]
[Round "03"]
[TimeControl "180+1"]
[Date "2022.05.11"]
[WhiteClock "0:00:25"]
[BlackClock "0:00:02"]

1. c4 Nf6 2. Nc3 d5 3. cxd5 Nxd5 4. Nf3 g6 5. h4 h5 6. e4 Nxc3 7. dxc3 Qxd1+ 8. Kxd1 Bg7 9. Kc2 Nc6 10. a4 Be6 11. Ng5 Bd7 12. Bc4 e6 13. f3 Ne5 14. Be2 O-O 15. Be3 b6 16. Rhd1 Rfd8 17. a5 Be8 18. axb6 axb6 19. Rxd8 Rxd8 20. Ra7 c5 21. Rb7 c4 22. Bxb6 Ba4+ 23. Kb1 Rd2 24. Rb8+ Bf8 25. Bc5 Nd7 26. Rxf8+ Nxf8 27. Bxc4 Rxg2 28. Ka2 Rh2 29. Ka3 Bd7 30. Be7 Rh1 31. b4 Ra1+ 32. Kb2 Ra8 33. e5 Rc8 34. Bd3 Bc6 35. c4 Nd7 36. Bd6 Kg7 37. b5 Bb7 38. Kc3 Nb6 39. Kd4 Rd8 40. c5 Nc8 41. c6 Ba8 42. Kc5 1-0


[Site "https://www.chess.com"]

[Event "Titled Tuesday Blitz May 10 Early 2022"]
[White "Sapunov, Evgeny"]
[Black "Yurtseven, Melih"]
[WhiteFideId "4126661"]
[BlackFideId "6312160"]
[WhiteElo "2470"]
[BlackElo "2160"]
[Result "1-0"]
[Round "03"]
[TimeControl "180+1"]
[Date "2022.05.11"]
[WhiteClock "0:00:09"]
[BlackClock "0:00:02"]

1. c4 Nf6 2. Nf3 e6 3. b3 d5 4. Bb2 c5 5. e3 Nc6 6. cxd5 exd5 7. Bb5 Bd6 8. h3 O-O 9. O-O a6 10. Bxc6 bxc6 11. d3 a5 12. Nc3 Ba6 13. Qc2 Re8 14. Rfd1 Nd7 15. Na4 Bb5 16. Nc3 a4 17. bxa4 Ba6 18. Ba3 Qa5 19. Rdc1 Ne5 20. Nxe5 Bxe5 21. Rab1 Reb8 22. Rb3 c4 23. dxc4 Bxc4 24. Rxb8+ Rxb8 25. Ne2 Ra8 26. Nd4 Bxd4 27. exd4 Qxa4 28. Qxa4 Rxa4 29. Re1 h6 30. Bc5 Rxa2 31. Re7 Re2 32. Rxe2 Bxe2 33. f3 g5 34. Kf2 Bb5 35. g4 Kg7 36. Kg3 Kg6 37. f4 Bd3 38. f5+ Kg7 39. Be7 f6 40. h4 Kf7 41. Bc5 h5 42. hxg5 fxg5 43. gxh5 Bxf5 44. Bd6 Kf6 45. Be5+ Ke6 46. Bg7 Kf7 47. Bh6 Kf6 48. Bf8 Bc2 49. h6 Kg6 50. Bg7 Bd1 51. Kf2 Bh5 52. Kg3 1-0


[Site "https://www.chess.com"]

[Event "Titled Tuesday Blitz May 10 Early 2022"]
[White "Sarana, Alexey"]
[Black "Wagner, Dinara"]
[WhiteFideId "24133795"]
[BlackFideId "24157570"]
[WhiteElo "2666"]
[BlackElo "2216"]
[Result "1-0"]
[Round "03"]
[TimeControl "180+1"]
[Date "2022.05.11"]
[WhiteClock "0:00:35"]
[BlackClock "0:00:01"]

1. d4 Nf6 2. c4 e6 3. Nc3 Bb4 4. e3 O-O 5. Bd3 d5 6. cxd5 exd5 7. a3 Bd6 8. Nge2 c6 9. O-O Re8 10. f3 c5 11. dxc5 Bxc5 12. Nd4 Nc6 13. Nce2 Qb6 14. Kh1 Bd7 15. b4 Bd6 16. b5 Ne5 17. a4 Qc7 18. Ba3 Nc4 19. Bxd6 Qxd6 20. Bxc4 dxc4 21. e4 Rac8 22. Qd2 Qc5 23. Rfd1 h6 24. Rac1 Red8 25. Qa5 Be6 26. Nxe6 Rxd1+ 27. Rxd1 fxe6 28. Qc3 a6 29. bxa6 bxa6 30. Nf4 e5 31. Ng6 Re8 32. Rc1 Kh7 33. Nh4 Rc8 34. Nf5 a5 35. Rb1 Rd8 36. h4 Rd3 37. Qe1 c3 38. Rc1 c2 39. Qe2 Rc3 40. Qd2 Qc6 41. Kh2 Rc4 42. Ne3 Rxa4 43. Rxc2 Qe8 44. Qf2 Qg6 45. Rc7 Ne8 46. Re7 Rd4 47. Nf5 Rd8 48. Ra7 a4 49. Rxa4 Nd6 50. Ra6 1-0


[Site "https://www.chess.com"]

[Event "Titled Tuesday Blitz May 10 Early 2022"]
[White "Seo, Jung Min"]
[Black "Horak, Martin"]
[WhiteFideId "1734687"]
[BlackFideId "367095"]
[WhiteElo "2401"]
[BlackElo "1997"]
[Result "1-0"]
[Round "03"]
[TimeControl "180+1"]
[Date "2022.05.11"]
[WhiteClock "0:01:10"]
[BlackClock "0:00:01"]

1. d4 Nf6 2. c4 g6 3. Nc3 d5 4. Nf3 Bg7 5. Qa4+ c6 6. cxd5 Nxd5 7. e4 Nxc3 8. bxc3 O-O 9. Be2 c5 10. O-O Bg4 11. Be3 Nc6 12. d5 Bxf3 13. Bxf3 Ne5 14. Be2 Qc7 15. c4 Nd7 16. Rab1 b6 17. Rfd1 Rad8 18. g3 e5 19. Qc2 Nf6 20. a4 Ne8 21. a5 Nd6 22. axb6 axb6 23. Ra1 Ra8 24. f3 f5 25. Kg2 Ra7 26. Rxa7 Qxa7 27. Rb1 Qa6 28. Bd3 f4 29. Bf2 Ra8 30. Qb3 Qa3 31. Qxa3 Rxa3 32. Rxb6 Rxd3 33. Rxd6 Rc3 34. Bxc5 Rxc4 35. Rc6 Rc2+ 36. Bf2 Rd2 37. Rc8+ Kf7 38. Rc7+ Kg8 39. Kf1 h5 40. Rc6 Kh7 41. gxf4 exf4 42. h4 Rd3 43. Ke2 Ra3 44. Rc2 Be5 45. Rd2 Ra6 46. Bd4 Bd6 47. e5 Bb4 48. Rb2 Ba3 49. Rb7+ Kh6 50. e6 Bf8 51. Rf7 1-0


[Site "https://www.chess.com"]

[Event "Titled Tuesday Blitz May 10 Early 2022"]
[White "Shashikant, Kutwal"]
[Black "De Arruda, Leandro Formes"]
[WhiteFideId "5006520"]
[BlackFideId "22722009"]
[WhiteElo "2321"]
[BlackElo "1852"]
[Result "1/2-1/2"]
[Round "03"]
[TimeControl "180+1"]
[Date "2022.05.11"]
[WhiteClock "0:00:08"]
[BlackClock "0:00:06"]

1. e4 e6 2. Nf3 d5 3. Nc3 dxe4 4. Nxe4 Nd7 5. d4 Ngf6 6. Nxf6+ Nxf6 7. Be3 Be7 8. Bd3 O-O 9. O-O b6 10. c4 Bb7 11. Qe2 c5 12. Rfd1 Qc7 13. Rac1 Rad8 14. Bb1 a5 15. Ne5 a4 16. Bf4 Qc8 17. dxc5 bxc5 18. Bg5 Rxd1+ 19. Rxd1 Rd8 20. Re1 Qc7 21. h3 h6 22. Bxf6 Bxf6 23. Ng4 Bg5 24. h4 Bxh4 25. Qc2 Qc6 26. Qh7+ Kf8 27. Be4 Qc7 28. Nxh6 gxh6 29. Qxh6+ Ke8 30. Bxb7 Bxf2+ 31. Kxf2 Qxb7 32. Qh8+ Ke7 33. Qh4+ Ke8 34. Qg5 Qxb2+ 35. Kg3 Rd3+ 36. Kh2 Qd4 37. Rb1 Qd8 38. Qxc5 Qd6+ 39. Qxd6 Rxd6 40. Rb4 Ra6 41. Kg3 Kd7 42. Kf4 Kc6 43. Rb5 a3 44. Ke5 Ra4 45. Rb3 Kd7 46. c5 Kc6 47. g3 Kxc5 48. Kf6 Kc4 49. Kxf7 e5 50. g4 e4 51. g5 Kd4 52. g6 Ra7+ 53. Kf6 e3 54. g7 Ra8 55. Kf7 e2 56. Rb1 Kd3 57. g8=Q Rxg8 58. Kxg8 Kd2 59. Kg7 e1=Q 60. Rxe1 Kxe1 61. Kf6 Kd2 62. Ke5 Kc2 63. Kd4 Kb2 64. Kd3 Kxa2 65. Kc2 Ka1 66. Kc1 a2 67. Kc2 1/2-1/2


[Site "https://www.chess.com"]

[Event "Titled Tuesday Blitz May 10 Early 2022"]
[White "Shimanov, Aleksandr"]
[Black "Hansch, Karsten"]
[WhiteFideId "4198603"]
[BlackFideId "24692239"]
[WhiteElo "2605"]
[BlackElo "2358"]
[Result "1-0"]
[Round "03"]
[TimeControl "180+1"]
[Date "2022.05.11"]
[WhiteClock "0:01:29"]
[BlackClock "0:00:43"]

1. e4 c6 2. Bc4 d5 3. Bb3 Nf6 4. e5 Nfd7 5. d4 e6 6. f4 c5 7. c3 Nc6 8. Nf3 Be7 9. O-O Qb6 10. Kh1 f6 11. Bc2 f5 12. a3 O-O 13. b3 cxd4 14. cxd4 Qd8 15. Nc3 b6 16. Rg1 Ba6 17. g4 fxg4 18. Rxg4 Rc8 19. Bd2 Rf7 20. Qg1 Nf8 21. Qg3 g6 22. h4 h5 23. Rxg6+ Nxg6 24. Qxg6+ Rg7 25. Qxe6+ Kf8 26. f5 Bxh4 27. f6 Rcc7 28. Bh6 Bc8 29. fxg7+ Rxg7 30. Bxg7+ Kxg7 31. Rg1+ Kh8 32. Qh6# 1-0


[Site "https://www.chess.com"]

[Event "Titled Tuesday Blitz May 10 Early 2022"]
[White "Shohat, Yotam"]
[Black "Ivanisevic, Ivan"]
[WhiteFideId "2813955"]
[BlackFideId "912417"]
[WhiteElo "2119"]
[BlackElo "2495"]
[Result "0-1"]
[Round "03"]
[TimeControl "180+1"]
[Date "2022.05.11"]
[WhiteClock "0:00:01"]
[BlackClock "0:00:13"]

1. e4 e5 2. Nf3 Nc6 3. Bb5 a6 4. Ba4 Nf6 5. O-O Be7 6. Re1 b5 7. Bb3 O-O 8. h3 Bb7 9. d3 d5 10. exd5 Nxd5 11. Nbd2 a5 12. a4 bxa4 13. Rxa4 Nb6 14. Rg4 a4 15. Ba2 Nb4 16. Bb1 f5 17. Rxb4 Bxb4 18. Nxe5 Qf6 19. c3 Bd6 20. d4 Kh8 21. Ndf3 h6 22. Ba2 Be4 23. c4 a3 24. bxa3 Bxa3 25. Bd2 c5 26. Bc3 Na4 27. Ba1 Bb2 28. Nd7 Qd6 29. Nxf8 Nc3 30. Qb3 Bxa1 31. Ng6+ Qxg6 32. Ne5 Qf6 33. Rxa1 cxd4 34. c5 Qxe5 35. Qc4 Rxa2 0-1


[Site "https://www.chess.com"]

[Event "Titled Tuesday Blitz May 10 Early 2022"]
[White "Shyaamnikhil P"]
[Black "Todorovic, Bojan"]
[WhiteFideId "5024218"]
[BlackFideId "917087"]
[WhiteElo "2329"]
[BlackElo "2266"]
[Result "1/2-1/2"]
[Round "03"]
[TimeControl "180+1"]
[Date "2022.05.11"]
[WhiteClock "0:00:39"]
[BlackClock "0:00:32"]

1. e4 e5 2. Nf3 Nc6 3. Nc3 Bb4 4. Nd5 Be7 5. d4 d6 6. dxe5 Nxe5 7. Nxe5 dxe5 8. Qf3 Nf6 9. Nxf6+ Bxf6 10. Bd2 O-O 11. Bb4 Be7 12. Bc3 Bd6 13. Bc4 Qe7 14. a3 Be6 15. Bd3 f6 16. O-O Bc5 17. Kh1 Rad8 18. Qg3 Bd4 19. Bxd4 Rxd4 20. f4 Bc4 21. fxe5 Qxe5 22. Qxe5 fxe5 23. Rxf8+ Kxf8 24. Rf1+ Ke7 25. Rf3 Bxd3 26. cxd3 c5 27. b3 a5 28. Kg1 a4 29. bxa4 Rxa4 30. Rf5 Ke6 31. Rf8 Rxa3 32. Rc8 Rxd3 33. Rxc5 Rd7 34. Kf2 b6 35. Rb5 Rb7 36. Ke3 Kd6 37. Kd3 Rb8 38. Ke3 Rb7 39. Kd3 Rb8 40. Rd5+ Ke6 41. Rb5 Rb7 42. Ke3 Kf6 43. Ke2 Rb8 44. Ke3 Rb7 45. Ke2 Rb8 46. Ke3 Rb7 1/2-1/2


[Site "https://www.chess.com"]

[Event "Titled Tuesday Blitz May 10 Early 2022"]
[White "Silva, Winston Joseph R"]
[Black "Ajay Krishna, S"]
[WhiteFideId "5210542"]
[BlackFideId "5096430"]
[WhiteElo "1995"]
[BlackElo "2247"]
[Result "0-1"]
[Round "03"]
[TimeControl "180+1"]
[Date "2022.05.11"]
[WhiteClock "0:01:13"]
[BlackClock "0:02:16"]

1. d4 d5 2. e3 Nf6 3. Bd3 g6 4. Nd2 c5 5. c3 c4 6. Bc2 Bg7 7. f4 O-O 8. Ngf3 b5 9. O-O a5 10. Ne5 Bb7 11. Qf3 b4 12. Nexc4 Ba6 13. Re1 bxc3 14. bxc3 Bxc4 15. Nxc4 Qc7 16. Bd3 dxc4 17. Qxa8 cxd3 18. Ba3 d2 19. Red1 Qxc3 20. Bxe7 Qxe3+ 0-1


[Site "https://www.chess.com"]

[Event "Titled Tuesday Blitz May 10 Early 2022"]
[White "Silvestre, Christian"]
[Black "Perdomo, Carlos Andres"]
[WhiteFideId "30956269"]
[BlackFideId "4400852"]
[WhiteElo "2370"]
[BlackElo "2268"]
[Result "0-1"]
[Round "03"]
[TimeControl "180+1"]
[Date "2022.05.11"]
[WhiteClock "0:00:43"]
[BlackClock "0:01:37"]

1. d4 Nf6 2. Nf3 e6 3. g3 Be7 4. Bg2 O-O 5. O-O d5 6. c4 b6 7. Qc2 Bb7 8. Rd1 dxc4 9. Qxc4 c5 10. Nc3 Qc8 11. Bg5 Nbd7 12. Rac1 h6 13. Bf4 cxd4 14. Qxd4 Bc5 15. Qa4 Bc6 16. Qc2 Ng4 17. e3 e5 18. Qf5 exf4 19. Qxg4 fxe3 20. b4 exf2+ 21. Kh1 Be3 22. Rc2 Nf6 23. Qh4 Qb7 0-1


[Site "https://www.chess.com"]

[Event "Titled Tuesday Blitz May 10 Early 2022"]
[White "Skliarov, Viktor"]
[Black "Martin Duque, Jesus"]
[WhiteFideId "14106736"]
[BlackFideId "2208954"]
[WhiteElo "2229"]
[BlackElo "2243"]
[Result "0-1"]
[Round "03"]
[TimeControl "180+1"]
[Date "2022.05.11"]
[WhiteClock "0:00:04"]
[BlackClock "0:01:13"]

1. e4 c5 2. Nf3 e6 3. c3 Nf6 4. Bd3 d5 5. e5 c4 6. Bc2 Nfd7 7. d4 cxd3 8. Qxd3 Nc6 9. Bf4 Be7 10. h4 Qc7 11. Qe3 h6 12. Nbd2 b5 13. h5 a5 14. Rh3 b4 15. Rg3 Kf8 16. c4 Nb6 17. b3 Ba6 18. Rc1 dxc4 19. bxc4 Rd8 20. Be4 Na4 21. Kf1 Nc3 22. Rxc3 bxc3 23. Qxc3 Nd4 24. Nxd4 Bb4 25. Nxe6+ fxe6 26. Qf3 Qf7 27. Nb3 Bxc4+ 28. Kg1 Bd5 29. Kh2 Bxe4 30. Qxe4 Qxh5+ 31. Rh3 Qf5 32. Qc4 g5 33. Bg3 Kg7 34. Nd4 Rxd4 35. Qxd4 Rf8 36. f3 Rf7 37. a4 Qc2 38. Qb6 Qb3 39. Bf2 Qd5 40. Qb8 Bc3 41. Bg3 Qd1 42. Bf2 Qe2 43. Bg3 Bd4 44. Qb1 Bxe5 45. Bxe5+ Qxe5+ 46. Kg1 Rc7 47. Rh1 Qe3+ 48. Kh2 Qf4+ 49. Kg1 Rc1+ 50. Kf2 Rxb1 51. Rxb1 Qd4+ 0-1


[Site "https://www.chess.com"]

[Event "Titled Tuesday Blitz May 10 Early 2022"]
[White "Song, Michael"]
[Black "Bommini, Mounika Akshaya"]
[WhiteFideId "2613190"]
[BlackFideId "25019872"]
[WhiteElo "2274"]
[BlackElo "1671"]
[Result "1-0"]
[Round "03"]
[TimeControl "180+1"]
[Date "2022.05.11"]
[WhiteClock "0:00:06"]
[BlackClock "0:00:05"]

1. d4 Nf6 2. c4 c5 3. d5 g6 4. Nc3 Bg7 5. e4 O-O 6. f4 d6 7. Nf3 e6 8. Be2 exd5 9. cxd5 a6 10. a4 Re8 11. Nd2 Nbd7 12. O-O Rb8 13. Kh1 Nf8 14. g4 N6d7 15. Bf3 b5 16. axb5 axb5 17. Nb3 b4 18. Ne2 Nb6 19. Na5 Bd7 20. Be3 Bb5 21. Qc2 Ra8 22. Rfd1 Na4 23. Nc6 Qc7 24. Nxb4 Nxb2 25. Rxa8 Rxa8 26. Nd3 Ba4 27. Qd2 Nxd1 28. Bg1 c4 29. Nb4 c3 30. Qc1 Qc4 31. Nc2 Nb2 32. Ne3 Qb3 33. g5 Nd3 34. Qf1 c2 35. f5 Bb2 36. Ng4 c1=Q 37. Nxc1 Nxc1 38. Nh6+ Kh8 39. f6 1-0


[Site "https://www.chess.com"]

[Event "Titled Tuesday Blitz May 10 Early 2022"]
[White "Srihari L R"]
[Black "Lucas, Arthur"]
[WhiteFideId "46617116"]
[BlackFideId "26093073"]
[WhiteElo "2121"]
[BlackElo "2129"]
[Result "1/2-1/2"]
[Round "03"]
[TimeControl "180+1"]
[Date "2022.05.11"]
[WhiteClock "0:01:13"]
[BlackClock "0:00:13"]

1. b3 e5 2. Bb2 Nc6 3. e3 g6 4. Nf3 Bg7 5. d4 exd4 6. Nxd4 Nxd4 7. Bxd4 Bxd4 8. Qxd4 Qf6 9. Nc3 Qxd4 10. exd4 c6 11. Ne4 d5 12. Nd6+ Ke7 13. Nxc8+ Rxc8 14. f3 Kd6 15. Kf2 Ne7 16. Bd3 Rce8 17. h4 h5 18. Rhe1 Nc8 19. Rxe8 Rxe8 20. c4 Re6 21. Rc1 Ne7 22. cxd5 Nxd5 23. Bc4 Rf6 24. Re1 Rf4 25. Bxd5 cxd5 26. Rd1 Rxh4 27. Kg3 g5 28. Rd2 Rf4 29. Kf2 h4 30. Ke3 Rf6 31. Rc2 Re6+ 32. Kf2 Re8 33. Rc1 f6 34. b4 b6 35. b5 Kd7 36. Rc6 Re6 37. Rc1 f5 38. a4 g4 39. fxg4 fxg4 40. Rh1 Rf6+ 41. Ke3 Re6+ 42. Kf2 g3+ 43. Kf3 Re4 44. Rd1 Ke6 45. a5 bxa5 46. Ra1 Rxd4 47. Rxa5 Rb4 48. Rxa7 Kf5 49. Rf7+ Kg5 50. Rg7+ Kh6 51. Rd7 Rxb5 52. Kg4 Rb4+ 53. Kh3 Rd4 54. Rd6+ Kg5 55. Rxd5+ Rxd5 1/2-1/2


[Site "https://www.chess.com"]

[Event "Titled Tuesday Blitz May 10 Early 2022"]
[White "Stankovic, Ivan G"]
[Black "Griffith, Kyron"]
[WhiteFideId "902837"]
[BlackFideId "2046318"]
[WhiteElo "2195"]
[BlackElo "2232"]
[Result "1-0"]
[Round "03"]
[TimeControl "180+1"]
[Date "2022.05.11"]
[WhiteClock "0:02:13"]
[BlackClock "0:00:15"]

1. e4 c5 2. c4 Nc6 3. Nc3 g6 4. g3 Bg7 5. Bg2 d6 6. d3 e6 7. Nge2 Nge7 8. Be3 Nd4 9. Rb1 Nec6 10. a3 a5 11. O-O O-O 12. Nb5 Nxb5 13. cxb5 Nd4 14. Nxd4 cxd4 15. Bd2 a4 16. b3 axb3 17. Qxb3 e5 18. a4 Be6 19. Qa3 Re8 20. a5 Bf8 21. Bb4 Qd7 22. b6 Rec8 23. Rbc1 h5 24. h4 Kg7 25. f4 Bg4 26. fxe5 dxe5 27. Bxf8+ Rxf8 28. Rc7 Qb5 29. Qd6 Rxa5 30. Qf6+ Kg8 31. Rxf7 1-0


[Site "https://www.chess.com"]

[Event "Titled Tuesday Blitz May 10 Early 2022"]
[White "Starozhilov, Leonid"]
[Black "Mammadzada, Gunay"]
[WhiteFideId "14106752"]
[BlackFideId "13403729"]
[WhiteElo "2414"]
[BlackElo "2242"]
[Result "1-0"]
[Round "03"]
[TimeControl "180+1"]
[Date "2022.05.11"]
[WhiteClock "0:00:22"]
[BlackClock "0:00:01"]

1. e4 Nf6 2. Nc3 d6 3. d4 Nbd7 4. g3 g6 5. Bg2 Bg7 6. Nge2 O-O 7. O-O e5 8. h3 a6 9. a4 b6 10. d5 Bb7 11. Be3 Re8 12. Qd2 a5 13. Kh2 Nc5 14. Rae1 Qd7 15. b3 Ba6 16. f3 Rac8 17. h4 Qe7 18. Rf2 h5 19. Bh3 Rcd8 20. Bg5 Rb8 21. Nb5 Bxb5 22. axb5 Qf8 23. Nc3 Kh7 24. g4 Ra8 25. Na4 hxg4 26. Bxg4 Bh6 27. Kg3 Ng8 28. Rh1 f6 29. Bxh6 Qxh6 30. Nxc5 dxc5 31. Be6 Ne7 32. h5 Qxd2 33. hxg6+ Kxg6 34. Rxd2 Rh8 35. Rg1 Rh5 36. Rdg2 Rd8 37. f4 Kh6 38. Bf7 1-0


[Site "https://www.chess.com"]

[Event "Titled Tuesday Blitz May 10 Early 2022"]
[White "Stepanencu, Nicodim-Cosmin"]
[Black "Thomas, Anysia"]
[WhiteFideId "1256220"]
[BlackFideId "670472"]
[WhiteElo "1945"]
[BlackElo "2002"]
[Result "1-0"]
[Round "03"]
[TimeControl "180+1"]
[Date "2022.05.11"]
[WhiteClock "0:00:07"]
[BlackClock "0:00:03"]

1. b3 d5 2. Bb2 Nf6 3. e3 Nbd7 4. Nf3 g6 5. c4 c6 6. Be2 Bg7 7. O-O O-O 8. Nc3 Re8 9. Rc1 e5 10. cxd5 Nxd5 11. Nxd5 cxd5 12. d4 e4 13. Nd2 Nf6 14. b4 h5 15. h3 b6 16. Bb5 Re6 17. Qe2 Bd7 18. Rc2 a5 19. Bxd7 Qxd7 20. b5 a4 21. Bc3 Ne8 22. Bb4 Nd6 23. Bxd6 Rxd6 24. Rfc1 Ra5 25. Rc6 Bf8 26. Nb1 Ra8 27. Rc7 Qe6 28. R1c6 Ra5 29. Nc3 Ra8 30. Qc2 a3 31. Qb3 Rad8 32. Na4 g5 33. Nxb6 g4 34. hxg4 hxg4 35. g3 Kg7 36. Na4 Be7 37. Nc5 Qh6 38. Qd1 Qh3 39. Qf1 Qh5 40. Rxe7 Rh8 41. Qg2 Rdh6 42. Rxh6 Rxh6 43. Re5 Qg6 44. Rxd5 Qb6 45. Qxe4 Qa5 46. Qxg4+ Rg6 47. Rg5 Qe1+ 48. Kg2 Qd2 49. Rxg6+ fxg6 50. Qe6 Qxa2 51. Qxa2 1-0


[Site "https://www.chess.com"]

[Event "Titled Tuesday Blitz May 10 Early 2022"]
[White "Stevens, Christian"]
[Black "Cherniaiev, Tykhon"]
[WhiteFideId "2604450"]
[BlackFideId "14182360"]
[WhiteElo "2475"]
[BlackElo "2289"]
[Result "0-1"]
[Round "03"]
[TimeControl "180+1"]
[Date "2022.05.11"]
[WhiteClock "0:00:01"]
[BlackClock "0:00:03"]

1. d4 Nf6 2. c4 e6 3. Nc3 d5 4. cxd5 exd5 5. Qc2 Be7 6. Bg5 O-O 7. e3 c6 8. Bd3 h6 9. Bh4 Nh5 10. Bg3 Nxg3 11. hxg3 Re8 12. Nf3 Bf6 13. O-O Bg4 14. Bf5 Bxf5 15. Qxf5 Na6 16. Rab1 Nc7 17. b4 a6 18. a4 Re6 19. b5 Ne8 20. bxc6 bxc6 21. Rfc1 Nd6 22. Qd3 Rc8 23. Qxa6 Nc4 24. Qb7 Be7 25. Qb3 Bd6 26. Ne2 g5 27. Qd3 Ra8 28. Ra1 Qf6 29. Nd2 Nxd2 30. Qxd2 Bc7 31. a5 h5 32. a6 h4 33. a7 hxg3 34. Nxg3 Bxg3 35. fxg3 Qe7 36. Qb2 Rh6 37. Rc3 Qc7 38. Qf2 Rxa7 39. Rf1 Qd6 40. Qf3 Re7 41. Qg4 Re4 42. Qxg5+ Rg6 43. Qf5 Re7 44. Rf4 Kg7 0-1


[Site "https://www.chess.com"]

[Event "Titled Tuesday Blitz May 10 Early 2022"]
[White "Stoleriu, George"]
[Black "Pasti, Aron"]
[WhiteFideId "1227505"]
[BlackFideId "785857"]
[WhiteElo "2194"]
[BlackElo "2133"]
[Result "1-0"]
[Round "03"]
[TimeControl "180+1"]
[Date "2022.05.11"]
[WhiteClock "0:00:40"]
[BlackClock "0:00:27"]

1. e4 c5 2. Nf3 e6 3. b3 Nc6 4. Bb2 d5 5. exd5 Qxd5 6. Nc3 Qd8 7. Bb5 Bd7 8. O-O Nf6 9. Re1 Bd6 10. d4 cxd4 11. Nxd4 O-O 12. Nxc6 Bxc6 13. Bxc6 bxc6 14. Ne4 Nxe4 15. Rxe4 Qe7 16. Rd4 Rfd8 17. Rd3 e5 18. Qg4 f6 19. Rad1 Bc7 20. Rd7 f5 21. Qc4+ Kh8 22. Rxe7 Rxd1+ 23. Qf1 Rxf1+ 24. Kxf1 Rc8 25. Bxe5 Bxe5 26. Rxe5 g6 27. Re7 c5 28. Rxa7 c4 29. Re7 cxb3 30. cxb3 Rc2 31. Re2 Rc1+ 32. Re1 Rc2 33. Ra1 Kg7 34. a4 Rb2 35. Ra3 1-0


[Site "https://www.chess.com"]